 Dungeon Crawl Stone Soup version 0.21.1-1-g345015f (webtiles) character file.

244 suomip the Chopper (level 5, 0/48 HPs)
             Began as a Minotaur Berserker on July 26, 2018.
             Was a Believer of Trog.
             Slain by an ogre
             ... wielding a +0 giant club
              (20 damage)
             ... on level 4 of the Dungeon.
             The game lasted 00:25:49 (3284 turns).

suomip the Chopper (Minotaur Berserker)             Turns: 3284, Time: 00:25:50

Health: 0/48       AC: 10    Str: 22    XL:     5   Next: 83%
Magic:  4/4        EV: 11    Int:  4    God:    Trog [**....]
Gold:   102        SH:  0    Dex: 10    Spells: 4/4 levels left

rFire    . . .     SeeInvis .   a - +2 hand axe
rCold    . . .     Gourm    .   (no shield)
rNeg     . . .     Faith    .   d - +0 scale mail
rPois    +         Spirit   .   (helmet restricted)
rElec    .         Reflect  .   b - +1 cloak {rPois}
rCorr    .         Harm     .   (no gloves)
MR       ++...                  e - +0 pair of boots
Stlth    ..........             (no amulet)
HPRegen  1.16/turn              (no ring)
MPRegen  0.09/turn              (no ring)

@: regenerating
A: retaliatory headbutt, horns 2
a: Berserk, Trog's Hand, Burn Spellbooks, Renounce Religion


You were on level 4 of the Dungeon.
You worshipped Trog.
Trog was pleased with you.
You were not hungry.

You visited 1 branch of the dungeon, and saw 4 of its levels.

You collected 102 gold pieces.

Inventory:

Hand Weapons
 a - a +2 hand axe (weapon)
Missiles
 k - 6 poisoned javelins (quivered)
 l - 33 poisoned needles
Armour
 b - a +1 cloak of poison resistance (worn)
 d - a +0 scale mail (worn)
 e - a +0 pair of boots (worn)
Scrolls
 h - 3 scrolls of remove curse
 n - a scroll of identify
Potions
 f - a potion of berserk rage {unknown}
 g - 3 potions of curing {unknown}
 i - 2 potions of cancellation
 m - a potion of lignification {unknown}
 o - a potion of heal wounds {unknown}
 q - a potion of flight {unknown}
Comestibles
 c - 10 rations
 j - 6 chunks of flesh


   Skills:
 + Level 5.1 Fighting
 + Level 6.0 Axes
 + Level 2.8 Armour
 + Level 3.4 Dodging
 + Level 0.9 Stealth


You had 4 spell levels left.
You didn't know any spells.

Dungeon Overview and Level Annotations

Branches:
Dungeon (4/15)
 Temple: D:4-7

Altars:
Makhleb


Innate Abilities, Weirdness & Mutations

You reflexively headbutt those who attack you in melee.
You have a pair of horns on your head.


Message History

a dagger; a robe
k - 6 poisoned javelins (gained 1)
There is a stone staircase leading down here.
An ogre comes into view. It is wielding a giant club.
The ogre shouts!
You hit the ogre. You headbutt the ogre.
The ogre is lightly wounded.
The ogre hits you with a giant club!!
Your scale mail prevents you from hitting the ogre.
The ogre is lightly wounded.
The ogre hits you with a giant club!
Your skin crawls.
You feel resistant to hostile enchantments.
You feel somewhat more hungry. The ogre hits you with a giant club!
* * * LOW HITPOINT WARNING * * *
You feel the effects of Trog's Hand fading.
As you read the scroll labeled JOMYTIZISS, it crumbles to dust.
You smell tea.
It was a scroll of random uselessness.
The ogre hits you with a giant club!!
You die...

#.....# #.##.....#
..#.....## # #
#.#......#.#.#
#........#.#.#
##..#........#
#..####.#.####
...##..####.#.....
.......@O.....# #
...###.####...#
#..###...# #####
#........# #....
#........# #.
#.### #........#
#.##.#..
#...######
#.##.#.. #...##
#.##.#.. #.#..#
#.##....


You could see an ogre.

Vanquished Creatures
  2 orc wizards
  A hound (D:2)
  Crazy Yiuf (D:3)
  4 adders
  2 oozes
  A worm (D:2)
  4 leopard geckos
  8 orcs
  7 bats (D:1)
  2 giant cockroaches (D:3)
  7 goblins
  7 hobgoblins
  8 jackals
  5 kobolds
  A quokka (D:2)
  4 frilled lizards
  6 rats
  5 fungi (D:3)
75 creatures vanquished.

Notes
Turn   | Place    | Note
-------+----------+-------------------------------------------
     0 | D:1      | suomip the Minotaur Berserker began the quest for the Orb.
     0 | D:1      | Reached XP level 1. HP: 19/19 MP: 0/0
    80 | D:1      | You fall through a shaft!
    92 | D:2      | Reached skill level 4 in Axes
    92 | D:2      | Reached XP level 2. HP: 15/27 MP: 1/1
   592 | D:2      | Reached XP level 3. HP: 33/33 MP: 2/2
  1062 | D:2      | Found a burning altar of Makhleb.
  1071 | D:2      | Reached XP level 4. HP: 14/41 MP: 3/3
  1670 | D:3      | Reached skill level 5 in Axes
  1670 | D:3      | Reached ** piety under Trog
  1824 | D:3      | Reached XP level 5. HP: 39/47 MP: 4/4
  2177 | D:3      | Found a runed door.
  2181 | D:3      | Noticed Crazy Yiuf
  2189 | D:3      | Killed Crazy Yiuf
  2189 | D:3      | Reached skill level 5 in Fighting
  3239 | D:4      | Reached skill level 6 in Axes
  3271 | D:4      | Noticed an ogre
  3284 | D:4      | Slain by an ogre

Skill      XL: |  1  2  3  4  5 |
---------------+----------------+-----
Fighting       | 4 5 |  5.1
Axes           | 4 5 6 |  6.0
Dodging        | 3 |  3.4
Armour         | |  2.8
Stealth        | |  0.9

Action                   |  1- 3 |  4- 6 || total
-------------------------+-------+-------++-------
Melee: Hand axe          |    63 |   120 ||   183
       Headbutt          |     9 |    29 ||    38
Throw: Javelin           |       |     2 ||     2
Invok: Berserk           |       |     1 ||     1
       Trog's Hand       |       |     1 ||     1
  Use: Scroll            |     2 |     8 ||    10
  Eat: Ration            |       |     2 ||     2
       Chunk             |       |     2 ||     2
Armor: Animal skin       |    10 |       ||    10
       Leather armour    |       |     6 ||     6
       Scale mail        |       |    25 ||    25
Dodge: Dodged            |    32 |    65 ||    97
